| TOP OF THE 1ST |
|
Cincinnati Reds batting - Pitching for San Diego Padres : RHP Adam Thompson
|
|
Pitching: RHP Adam Thompson
|
|
|
Batting: LHB Satoru Handa
|
0-0: Foul Ball, location: 2F 0-1: Ball 1-1: Called Strike 1-2: Foul Ball, location: 2F 1-2: Ground out U3 (Groundball, 34, EV 85.6 MPH)
|
|
Batting: LHB Sean Geisler
|
0-0: Called Strike 0-1: Ground out 4-3 (Groundball, 4, EV 82.5 MPH)
|
|
Batting: LHB Jake Bill
|
0-0: Ground out 4-3 (Groundball, 4, EV 88.1 MPH)
|
| Top of the 1st over - 0 runs, 0 hits, 0 errors, 0 left on base; Cincinnati 0 - San Diego 0 |
| BOTTOM OF THE 1ST |
|
San Diego Padres batting - Pitching for Cincinnati Reds : LHP Justin Sullins
|
|
Pitching: LHP Justin Sullins
|
|
|
Batting: SHB Jerry Luckwell
|
0-0: Swinging Strike 0-1: Ball 1-1: Ball 2-1: Ball 3-1: Called Strike 3-2: Fly out, F8 (Flyball, 8RD, EV 99.4 MPH)
|
|
Batting: RHB Chiel Palstermans
|
0-0: SINGLE (Line Drive, 8LS, EV 93.8 MPH)
|
|
Batting: RHB Carlos Reyes
|
0-0: Called Strike 0-1: Ball 1-1: Ball 2-1: Ball 3-1: Base on Balls Chiel Palstermans to second
|
|
Batting: RHB Bobby Ayala
|
0-0: Called Strike 0-1: Ball 1-1: Swinging Strike 1-2: Ball 2-2: Ball 3-2: Fly out, F7 (Flyball, 7, EV 89.4 MPH)
|
|
Batting: RHB Cesar Breceda
|
0-0: Foul Ball, location: 2F 0-1: Swinging Strike 0-2: Ball 1-2: Foul Ball, location: 2F 1-2: Foul Ball, location: 2F 1-2: Ball 2-2: Foul Ball, location: 2F 2-2: Ball 3-2: Fly out, F8 (Flyball, 8RXD, EV 103.1 MPH)
|
| Bottom of the 1st over - 0 runs, 1 hit, 0 errors, 2 left on base; Cincinnati 0 - San Diego 0 |
| TOP OF THE 2ND |
|
Cincinnati Reds batting - Pitching for San Diego Padres : RHP Adam Thompson
|
|
Batting: LHB Jesus Lozano
|
0-0: Called Strike 0-1: Ball 1-1: Ball 2-1: Ball 3-1: Base on Balls
|
|
Batting: LHB Jon Ledesma
|
0-0: Ball 1-0: Foul Ball, location: 2F 1-1: Grounds into double play, U6-3 (Groundball, 4M, EV 103.8 MPH)
|
|
Batting: LHB Shawn Morrison
|
0-0: Called Strike 0-1: Ball 1-1: Called Strike 1-2: Ball 2-2: Ball 3-2: Strikes out looking
|
| Top of the 2nd over - 0 runs, 0 hits, 0 errors, 0 left on base; Cincinnati 0 - San Diego 0 |
| BOTTOM OF THE 2ND |
|
San Diego Padres batting - Pitching for Cincinnati Reds : LHP Justin Sullins
|
|
Batting: RHB Alberto Cotto
|
0-0: Ball 1-0: Foul Ball, location: 2F 1-1: Swinging Strike 1-2: Ball 2-2: Strikes out swinging
|
|
Batting: RHB Matthew Starr
|
0-0: Ball 1-0: Called Strike 1-1: Swinging Strike 1-2: SINGLE (Flyball, 4D, EV 92.5 MPH)
|
|
Batting: LHB Andy Bowman
|
0-0: SINGLE (Line Drive, 8RS, EV 87.5 MPH) Matthew Starr to second Runner from 2nd tries for 3rd, SAFE, throw by CF made to third
|
|
Batting: LHB Ryan Flynn Jr.
|
0-0: Called Strike Andy Bowman steals 2nd base 0-1: Foul Ball, location: 2F 0-2: Strikes out looking
|
|
Batting: SHB Jerry Luckwell
|
0-0: Ball 1-0: Called Strike 1-1: Foul Ball, location: 2F 1-2: Foul Ball, location: 2F 1-2: Foul Ball, location: 2F 1-2: Foul Ball, location: 2F 1-2: Ball 2-2: Strikes out swinging
|
| Bottom of the 2nd over - 0 runs, 2 hits, 0 errors, 2 left on base; Cincinnati 0 - San Diego 0 |
| TOP OF THE 3RD |
|
Cincinnati Reds batting - Pitching for San Diego Padres : RHP Adam Thompson
|
|
Batting: SHB Dave Barefoot
|
0-0: Ball 1-0: Foul Ball, location: 2F 1-1: Called Strike 1-2: Foul Ball, location: 2F 1-2: Ball 2-2: Strikes out looking
|
|
Batting: RHB Willie Lazcano
|
0-0: Foul Ball, location: 2F 0-1: Ball 1-1: Foul Ball, location: 2F 1-2: Ball 2-2: Strikes out swinging
|
|
Batting: LHB Andy Arbuckle
|
0-0: Called Strike 0-1: Foul Ball, location: 2F 0-2: Ball 1-2: Ground out 4-3 (Groundball, 4, EV 87.5 MPH)
|
| Top of the 3rd over - 0 runs, 0 hits, 0 errors, 0 left on base; Cincinnati 0 - San Diego 0 |
| BOTTOM OF THE 3RD |
|
San Diego Padres batting - Pitching for Cincinnati Reds : LHP Justin Sullins
|
|
Batting: RHB Chiel Palstermans
|
0-0: Called Strike 0-1: Ball 1-1: Swinging Strike 1-2: Foul Ball, location: 2F 1-2: Ball 2-2: Ball 3-2: Foul Ball, location: 2F 3-2: TRIPLE (Flyball, 89XD, EV 98.8 MPH)
|
|
Batting: RHB Carlos Reyes
|
0-0: Called Strike 0-1: Swinging Strike 0-2: Ball 1-2: Ball 2-2: Ball 3-2: Fly out, F3 (Popup, 3S, EV 71.9 MPH)
|
|
Batting: RHB Bobby Ayala
|
0-0: Ball 1-0: Ball 2-0: Ball 3-0: Called Strike 3-1: Base on Balls
|
|
Batting: RHB Cesar Breceda
|
0-0: Foul Ball, location: 2F 0-1: Ball 1-1: Ball 2-1: DOUBLE (Flyball, 89XD, EV 99.4 MPH) Chiel Palstermans scores Bobby Ayala to third Runner from 3rd tries for Home, SAFE, no throw by RF
|
|
Batting: RHB Alberto Cotto
|
0-0: Called Strike 0-1: Ball 1-1: Foul Ball, location: 2F 1-2: Ball 2-2: Ground out 1-3 (Groundball, 34S, EV 70.6 MPH) Cesar Breceda to third
|
|
Batting: RHB Matthew Starr
|
0-0: Called Strike 0-1: Swinging Strike 0-2: Ground out 3-1 (Groundball, 34S, EV 78.8 MPH)
|
| Bottom of the 3rd over - 2 runs, 2 hits, 0 errors, 1 left on base; Cincinnati 0 - San Diego 2 |
| TOP OF THE 4TH |
|
Cincinnati Reds batting - Pitching for San Diego Padres : RHP Adam Thompson
|
|
Batting: LHB Satoru Handa
|
0-0: Ball 1-0: Called Strike 1-1: Ball 2-1: Foul Ball, location: 2F 2-2: SINGLE (Groundball, 25, EV 65.6 MPH) (infield hit)
|
|
Batting: LHB Sean Geisler
|
0-0: Called Strike 0-1: Ball 1-1: Ball 2-1: Ball 3-1: Foul Ball, location: 2F 3-2: Base on Balls Satoru Handa to second
|
|
Batting: LHB Jake Bill
|
0-0: Called Strike 0-1: Ground out 6-3 (Groundball, 6M, EV 98.8 MPH) Satoru Handa to third Sean Geisler to second
|
|
Batting: LHB Jesus Lozano
|
0-0: Ball 1-0: Ground out 3-1 (Groundball, 3D, EV 86.9 MPH)
|
|
Batting: LHB Jon Ledesma
|
0-0: Foul Ball, location: 2F 0-1: Ball 1-1: Ball Wild Pitch! Satoru Handa scores Sean Geisler to third 2-1: Foul Ball, location: 2F 2-2: Ball 3-2: Base on Balls
|
|
Batting: LHB Shawn Morrison
|
0-0: Ball Jon Ledesma steals 2nd base 1-0: Ball 2-0: Called Strike 2-1: Fly out, F5 (Popup, 56S, EV 82.5 MPH)
|
| Top of the 4th over - 1 run, 1 hit, 0 errors, 2 left on base; Cincinnati 1 - San Diego 2 |
| BOTTOM OF THE 4TH |
|
San Diego Padres batting - Pitching for Cincinnati Reds : LHP Justin Sullins
|
|
Batting: LHB Andy Bowman
|
0-0: Foul Ball, location: 2F 0-1: Foul Ball, location: 2F 0-2: Fly out, F8 (Line Drive, 8LM, EV 102.5 MPH)
|
|
Batting: LHB Ryan Flynn Jr.
|
0-0: Foul Ball, location: 2F 0-1: Ground out U3 (Groundball, 3, EV 88.1 MPH)
|
|
Batting: SHB Jerry Luckwell
|
0-0: Fly out, F8 (Flyball, 8LM, EV 78.1 MPH)
|
| Bottom of the 4th over - 0 runs, 0 hits, 0 errors, 0 left on base; Cincinnati 1 - San Diego 2 |
| TOP OF THE 5TH |
|
Cincinnati Reds batting - Pitching for San Diego Padres : RHP Adam Thompson
|
|
Pitching: RHP Travis White
|
|
|
Batting: SHB Dave Barefoot
|
0-0: Ground out 6-3 (Groundball, 6M, EV 79.4 MPH)
|
|
Batting: RHB Willie Lazcano
|
0-0: Called Strike 0-1: Swinging Strike 0-2: Ball 1-2: Foul Ball, location: 2F 1-2: Ball 2-2: Foul Ball, location: 2F 2-2: TRIPLE (Flyball, 7D, EV 96.3 MPH)
|
|
Batting: LHB Andy Arbuckle
|
0-0: Squeeze Bunt to 13S - play home, runner OUT, batter safe! 1-2
|
|
Batting: LHB Satoru Handa
|
0-0: Foul Ball, location: 2F 0-1: Ball Andy Arbuckle steals 2nd base 1-1: Foul Ball, location: 2F 1-2: Ball 2-2: Foul Ball, location: 2F 2-2: Fly out, F6 (Flyball, 56D, EV 83.8 MPH)
|
| Top of the 5th over - 0 runs, 1 hit, 0 errors, 1 left on base; Cincinnati 1 - San Diego 2 |
| BOTTOM OF THE 5TH |
|
San Diego Padres batting - Pitching for Cincinnati Reds : LHP Justin Sullins
|
|
Pitching: LHP David James
|
|
|
Batting: RHB Chiel Palstermans
|
0-0: Ball 1-0: Called Strike 1-1: Ball 2-1: Called Strike 2-2: Foul Ball, location: 2F 2-2: Ball 3-2: Base on Balls
|
|
Batting: RHB Carlos Reyes
|
Pickoff Throw to First - Out! 1-3 0-0: Ball 1-0: Ball 2-0: Called Strike 2-1: Ground out 6-3 (Groundball, 6, EV 86.3 MPH)
|
|
Batting: RHB Bobby Ayala
|
0-0: Ground out 5-3 (Groundball, 56, EV 89.4 MPH)
|
| Bottom of the 5th over - 0 runs, 0 hits, 0 errors, 0 left on base; Cincinnati 1 - San Diego 2 |
| TOP OF THE 6TH |
|
Cincinnati Reds batting - Pitching for San Diego Padres : RHP Travis White
|
|
Batting: LHB Sean Geisler
|
0-0: Ball 1-0: Foul Ball, location: 2F 1-1: Ball 2-1: Ball 3-1: Swinging Strike 3-2: Base on Balls
|
|
Batting: LHB Jake Bill
|
0-0: Ball 1-0: Called Strike 1-1: Ball 2-1: Swinging Strike 2-2: Strikes out swinging
|
|
Pitching: RHP Tristan Vollmer
|
|
|
Batting: LHB Jesus Lozano
|
0-0: Ball Sean Geisler steals 2nd base 1-0: Ball 2-0: Reached on error, E4 (Groundball, 4, EV 86.9 MPH) Sean Geisler to third
|
|
Batting: LHB Jon Ledesma
|
0-0: Swinging Strike 0-1: Ball Jesus Lozano is caught stealing 2nd base 2-6 1-1: Ball 2-1: Foul Ball, location: 2F 2-2: Ball 3-2: Foul Ball, location: 2F 3-2: Fly out, F7 (Line Drive, 7, EV 100.6 MPH)
|
| Top of the 6th over - 0 runs, 0 hits, 1 error, 1 left on base; Cincinnati 1 - San Diego 2 |
| BOTTOM OF THE 6TH |
|
San Diego Padres batting - Pitching for Cincinnati Reds : LHP David James
|
|
Batting: RHB Cesar Breceda
|
0-0: Ball 1-0: Ball 2-0: Ball 3-0: Base on Balls
|
|
Batting: RHB Alberto Cotto
|
0-0: Ball 1-0: Ball 2-0: Called Strike 2-1: Foul Ball, location: 2F 2-2: Ball 3-2: Fly out, F7 (Flyball, 7LS, EV 89.4 MPH)
|
|
Batting: RHB Matthew Starr
|
0-0: Ball 1-0: Ball 2-0: Swinging Strike 2-1: Foul Ball, location: 2F 2-2: Ball 3-2: Base on Balls Cesar Breceda to second
|
|
Batting: LHB Andy Bowman
|
0-0: Ball 1-0: Foul Ball, location: 2F 1-1: Ball 2-1: Ball 3-1: Base on Balls Cesar Breceda to third Matthew Starr to second
|
|
Batting: LHB Ryan Flynn Jr.
|
0-0: Ball 1-0: Called Strike 1-1: Foul Ball, location: 2F 1-2: Strikes out swinging
|
|
Pinch Hitting: RHB Jose Morrissey
|
0-0: Called Strike 0-1: Fielders Choice at 2nd, 6-4 (Groundball, 6, EV 83.1 MPH)
|
| Bottom of the 6th over - 0 runs, 0 hits, 0 errors, 3 left on base; Cincinnati 1 - San Diego 2 |
| TOP OF THE 7TH |
|
Cincinnati Reds batting - Pitching for San Diego Padres : RHP Tristan Vollmer
|
|
Now at 3B: Jose Morrissey
|
|
|
Batting: LHB Shawn Morrison
|
0-0: Ball 1-0: Called Strike 1-1: Ball 2-1: Ball 3-1: Fly out, F7 (Flyball, 7LM, EV 80.6 MPH)
|
|
Batting: SHB Dave Barefoot
|
0-0: Called Strike 0-1: Swinging Strike 0-2: Foul Ball, location: 2F 0-2: SINGLE (Line Drive, 89S, EV 99.4 MPH)
|
|
Pinch Hitting: SHB Saulo Maina
|
0-0: Called Strike Dave Barefoot steals 2nd base (no throw) 0-1: Ball 1-1: Ball 2-1: Ball 3-1: Base on Balls
|
|
Pitching: LHP Jason Breeden
|
|
|
Batting: LHB Andy Arbuckle
|
0-0: Ball 1-0: DOUBLE (Line Drive, 7LM, EV 100.0 MPH) Dave Barefoot scores Saulo Maina to third Runner from 3rd tries for Home, SAFE, no throw by LF
|
|
Pinch Hitting: RHB Ricky Carbajal
|
0-0: Called Strike Andy Arbuckle is caught stealing 3rd base 2-5 0-1: Ground out 2-3 (Groundball, 15S, EV 70.0 MPH)
|
| Top of the 7th over - 2 runs, 2 hits, 0 errors, 0 left on base; Cincinnati 3 - San Diego 2 |
| BOTTOM OF THE 7TH |
|
San Diego Padres batting - Pitching for Cincinnati Reds : LHP David James
|
|
Pitching: RHP Juan Barroso
|
|
|
Now at 3B: Saulo Maina
|
|
|
Now in LF: Ricky Carbajal
|
|
|
Batting: RHB Chiel Palstermans
|
0-0: Called Strike 0-1: Ball 1-1: Swinging Strike 1-2: Strikes out swinging
|
|
Pinch Hitting: LHB Per Meulengracht
|
0-0: Swinging Strike 0-1: Ball 1-1: Ground out 1-3 (Groundball, 13S, EV 72.5 MPH)
|
|
Pinch Hitting: SHB Devin Hottenstein
|
0-0: Reached on error, E3 (Groundball, 34, EV 82.5 MPH)
|
|
Batting: RHB Cesar Breceda
|
0-0: Ball 1-0: Swinging Strike 1-1: Ball 2-1: Foul Ball, location: 2F 2-2: Fly out, F8 (Line Drive, 8RM, EV 88.1 MPH)
|
| Bottom of the 7th over - 0 runs, 0 hits, 1 error, 1 left on base; Cincinnati 3 - San Diego 2 |
| TOP OF THE 8TH |
|
Cincinnati Reds batting - Pitching for San Diego Padres : LHP Jason Breeden
|
|
Now at 1B: Devin Hottenstein
|
|
|
Now in LF: Per Meulengracht
|
|
|
Batting: LHB Sean Geisler
|
0-0: Ball 1-0: Ball 2-0: Ball 3-0: Swinging Strike 3-1: Foul Ball, location: 2F 3-2: Fly out, F3 (Popup, 3F, EV 75.6 MPH)
|
|
Batting: LHB Matt Sigurdson
|
0-0: Fly out, F9 (Flyball, 89S, EV 84.4 MPH)
|
|
Pinch Hitting: RHB Tom Beckman
|
0-0: Foul Ball, location: 2F 0-1: Ball 1-1: Called Strike 1-2: Strikes out swinging
|
| Top of the 8th over - 0 runs, 0 hits, 0 errors, 0 left on base; Cincinnati 3 - San Diego 2 |
| BOTTOM OF THE 8TH |
|
San Diego Padres batting - Pitching for Cincinnati Reds : RHP Juan Barroso
|
|
Now at 2B: Saulo Maina
|
|
|
Now at 3B: Tom Beckman
|
|
|
Pinch Hitting: RHB Alois Wollf
|
0-0: Fly out, F7 (Line Drive, 7, EV 111.9 MPH)
|
|
Pitching: RHP Ragnar Alqvist
|
|
|
Batting: LHB Mike Holt
|
0-0: Ball 1-0: Ball 2-0: Ball 3-0: Base on Balls
|
|
Pinch Hitting: LHB Chris Moody
|
0-0: Swinging Strike 0-1: Swinging Strike 0-2: Foul Ball, location: 2F 0-2: Ball 1-2: Strikes out looking
|
|
Batting: LHB Ryan Flynn Jr.
|
0-0: Ball 1-0: Foul Ball, location: 2F 1-1: Foul Ball, location: 2F 1-2: Ball 2-2: SINGLE (Popup, 6MD, EV 46.9 MPH) Mike Holt to second
|
|
Pinch Hitting: LHB Aaron LeBlanc
|
0-0: Ball 1-0: Ball 2-0: Called Strike 2-1: Called Strike 2-2: Strikes out looking
|
| Bottom of the 8th over - 0 runs, 1 hit, 0 errors, 2 left on base; Cincinnati 3 - San Diego 2 |
| TOP OF THE 9TH |
|
Cincinnati Reds batting - Pitching for San Diego Padres : LHP Jason Breeden
|
|
Now at 2B: Alois Wollf
|
|
|
Now at 3B: Joseph Martin
|
|
|
Now in RF: Chris Moody
|
|
|
Pinch Hitting: RHB Willie Cardamone
|
0-0: Ball 1-0: Foul Ball, location: 2F 1-1: Called Strike 1-2: Foul Ball, location: 2F 1-2: Strikes out looking
|
|
Pinch Hitting: RHB Solange Le Coq
|
0-0: Called Strike 0-1: Foul Ball, location: 2F 0-2: Ball 1-2: Ball 2-2: Foul Ball, location: 2F 2-2: Fly out, F8 (Flyball, 89XD, EV 86.9 MPH)
|
|
Pinch Hitting: RHB Casey Truax
|
0-0: Ball 1-0: Foul Ball, location: 2F 1-1: Swinging Strike 1-2: Ball 2-2: Strikes out swinging
|
| Top of the 9th over - 0 runs, 0 hits, 0 errors, 0 left on base; Cincinnati 3 - San Diego 2 |
| BOTTOM OF THE 9TH |
|
San Diego Padres batting - Pitching for Cincinnati Reds : RHP Ragnar Alqvist
|
|
Pitching: LHP Jose Estrada
|
|
|
Now at SS: Casey Truax
|
|
|
Now in CF: Solange Le Coq
|
|
|
Now in RF: Randy Racine
|
|
|
Batting: RHB Chiel Palstermans
|
0-0: Foul Ball, location: 2F 0-1: Ball 1-1: Fly out, F7 (Flyball, 7, EV 87.5 MPH)
|
|
Pinch Hitting: RHB Oscar Fausto
|
0-0: Ball 1-0: Ball 2-0: Called Strike 2-1: Ball 3-1: Foul Ball, location: 2F 3-2: Base on Balls
|
|
Batting: SHB Devin Hottenstein
|
0-0: Called Strike 0-1: Called Strike 0-2: Ball 1-2: Foul Ball, location: 2F 1-2: Strikes out swinging
|
|
Pinch Hitting: RHB Ben Zeiler
|
0-0: Ball 1-0: Ball 2-0: Ball 3-0: Called Strike 3-1: Base on Balls Oscar Fausto to second
|
|
Batting: RHB Alois Wollf
|
0-0: Ball 1-0: Called Strike 1-1: Ball 2-1: Ball 3-1: Base on Balls Oscar Fausto to third Ben Zeiler to second
|
|
Batting: LHB Mike Holt
|
0-0: Called Strike 0-1: Ball 1-1: Swinging Strike 1-2: Foul Ball, location: 2F 1-2: Ball 2-2: Foul Ball, location: 2F 2-2: Strikes out swinging
|
| Bottom of the 9th over - 0 runs, 0 hits, 0 errors, 3 left on base; Cincinnati 3 - San Diego 2 |
|